 Dungeon Crawl Stone Soup version 0.30-a0-394-g3e4acdb0ae (webtiles) character file.

Game seed: 12900750045174633415

5741 funkygono the Thaumaturge (level 10, -7/68 HPs)
             Began as a Demonspawn Fire Elementalist on Dec 6, 2022.
             Was a Believer of Vehumet.
             Shot with an arrow by a centaur warrior (10 damage)
             ... on level 8 of the Dungeon.
             The game lasted 00:18:02 (10462 turns).

funkygono the Thaumaturge (DsFE)                   Turns: 10462, Time: 00:18:03

Health: -7/68      AC:  6    Str:  9    XL:     10   Next: 49%
Magic:  10/23      EV: 13    Int: 21    God:    Vehumet [**....]
Gold:   315        SH:  0    Dex: 15    Spells: 15/28 levels left

rFire   . . .      SeeInvis .    i - +0 whip (flame)
rCold   . . .      Faith    .    (no shield)
rNeg    + . .      Spirit   .    p - +2 robe {Will+}
rPois   +          Reflect  .    (helmet restricted)
rElec   .          Harm     .    a - +1 cloak
rCorr   .          Rampage  .    (no gloves)
Will    +....                    (no boots)
Stlth   +++.......               g - amulet of the acrobat
HPRegen 0.31/turn                d - ring of positive energy
MPRegen 0.18/turn                n - ring of poison resistance

@: no status effects
A: antennae 2, thin skeletal structure 1, ignite blood 1
a: Renounce Religion


You were on level 8 of the Dungeon.
You worshipped Vehumet.
Vehumet was pleased with you.
You visited 1 branch of the dungeon, and saw 8 of its levels.
You also visited: Sewer.

You collected 315 gold pieces.

Inventory:

Hand Weapons
 b - a +2 quarterstaff of chaos
 e - a +0 flail
 i - a +0 whip of flaming (weapon)
Missiles
 l - a throwing net
Armour
 a - a +1 cloak (worn)
 c - a +1 robe of fire resistance
 p - a +2 robe of willpower (worn)
Jewellery
 d - a ring of positive energy (left hand)
 g - an amulet of the acrobat (around neck)
 n - a ring of poison resistance (right hand)
 r - a +4 ring of slaying
 v - a +6 ring of intelligence
Wands
 y - a wand of polymorph (9)
Scrolls
 f - a scroll of torment
 h - 7 scrolls of teleportation
 s - 2 scrolls of butterflies
 B - 3 scrolls of amnesia
 C - a scroll of poison
 F - a scroll of blinking
Potions
 j - 3 potions of invisibility
 k - 5 potions of curing
 m - 3 potions of ambrosia {unknown}
 o - a potion of attraction {unknown}
 q - a potion of lignification {unknown}
 t - a potion of resistance {unknown}
 u - a potion of heal wounds {unknown}
 x - 2 potions of berserk rage {unknown}
 z - 3 potions of cancellation {unknown}
 A - 2 potions of degeneration {unknown}
 D - a potion of mutation {unknown}
 E - a potion of brilliance {unknown}
 G - 2 potions of flight {unknown}


   Skills:
 + Level 2.3 Fighting
 + Level 1.5 Maces & Flails
 + Level 3.4 Dodging
 - Level 1.7 Stealth
 + Level 9.6 Spellcasting
 + Level 6.1 Conjurations
 + Level 9.0 Fire Magic


You had 15 spell levels left.
You knew the following spells:

 Your Spells              Type           Power      Damage    Failure   Level
a - Foxfire               Conj/Fire      100%       2x1d9     1%          1
b - Scorch                Fire           94%        2d10      1%          2
c - Kindle Blastsparks    Fire/Tloc/Air  44%        2d13      6%          3
d - Flame Wave            Conj/Fire      41%        2d11      3%          4
e - Blink                 Tloc           20%        N/A       11%         2
f - Sandblast             Erth           20%        2d7       7%          1

Your spell library contained the following spells:

 Spells                   Type           Power      Damage    Failure   Level
 Searing Ray              Conj           70%        2d7       1%          2
 Inner Flame              Hex/Fire       29%        N/A       3%          3
 Summon Guardian Golem    Hex/Summ       10%        N/A       21%         3
 Manifold Assault         Tloc           10%        N/A       56%         4
 Summon Ice Beast         Ice/Summ       10%        N/A       56%         4
 Summon Mana Viper        Hex/Summ       10%        N/A       88%         5
 Orb of Destruction       Conj           17%        9d7       99%         7
 Monstrous Menagerie      Summ           5%         N/A       100%        7
 Spellforged Servitor     Conj/Summ      11%        N/A       100%        7
 Storm Form               Tmut/Air       5%         N/A       100%        7


Dungeon Overview and Level Annotations

Branches:
Dungeon (8/15)             Temple (0/1) D:6           Sewer (visited)
   Lair: D:8-11

Altars:
Dithmenos
Vehumet
Wu Jian

Shops:
D:1 *   D:4 (   D:6 [


Innate Abilities, Weirdness & Mutations

You have a pair of antennae on your head.
You have a somewhat thin skeletal structure. (Dex +2, Stealth+)
Your demonic aura sometimes causes spilled blood to erupt in flames.


Message History

The manticore closely misses you. The manticore completely misses you.
The manticore misses you.
A wave of flame ripples out!
The flame wave engulfs the manticore!
The manticore is heavily wounded.
You finish channelling waves of flame.
You hear a shout! x2
The manticore misses you. The manticore closely misses you.
The manticore completely misses you.
Unknown command.
Casting: Flame Wave (dangerous; 3% risk of failure)
Confirm with . or Enter, or press ? or * to list all spells.
Flames lash the manticore.
The manticore is severely wounded.
The manticore's fire resistance burns away.
The manticore bites you but does no damage.
The manticore claws you!
* * * LOW HITPOINT WARNING * * *
The manticore barely misses you.
Casting: Scorch (safe; 1% risk of failure)
Confirm with . or Enter, or press ? or * to list all spells.
Flames lash the manticore.
The manticore is burned terribly!
The manticore is almost dead.
The manticore barely misses you. The manticore closely misses you.
The manticore misses you.
Unknown command.
Casting: Scorch (safe; 1% risk of failure)
Confirm with . or Enter, or press ? or * to list all spells.
Flames lash the manticore.
The manticore is burned terribly!
You kill the manticore!
Vehumet accepts your kill.
Your Fire Magic skill increases to level 9!
Unknown command.
A centaur warrior comes into view.
It is wielding a +1 battleaxe of freezing.
The centaur warrior unwields a +1 battleaxe of freezing.
The centaur warrior wields a +0 shortbow.
The centaur warrior shoots an arrow.
The arrow hits you!
* * * LOW HITPOINT WARNING * * *
There is a stone staircase leading up, spattered with blood here.
The centaur warrior shoots an arrow.
The arrow hits you!
You die...

##########
#........###
#......@...#
#......(...#
#.......(..#####
#...........c..#
#..........###.#
#..........#
#{#######
#.....)#####
#.{.....###
######...
#.)..).....
..........#.#.†).##


You could see a centaur warrior.

Vanquished Creatures
  A two-headed ogre (D:8)
  A manticore (D:8)
  2 cyclopes (D:8)
  Joseph (D:7)
  A meliai (D:8)
  Sigmund (D:3)
  2 steam dragons (D:7)
  An acid dragon (D:8)
  Duvessa (D:6)
  A water moccasin (D:7)
  An orc warrior (D:7)
  A black bear (D:2)
  3 ice beasts
  2 ogres (D:6)
  2 centaurs
  2 phantoms
  6 bullfrogs
  A gnoll sergeant (D:7)
  A necrophage (D:6)
  3 scorpions
  Dowan (D:6)
  3 howler monkeys (D:8)
  3 hounds
  A jelly (D:5)
  6 orc priests
  Crazy Yiuf (D:7)
  A gnoll bouda (D:8)
  3 iguanas
  6 orc wizards
  13 gnolls
  8 adders
  6 river rats (Sewer)
  A shadow imp (D:8)
  A white imp (D:7)
  An ufetubus (D:7)
  4 worms
  2 dart slugs
  23 orcs
  7 ball pythons
  4 endoplasms
  4 giant cockroaches
  5 goblins
  9 hobgoblins
  6 jackals
  4 quokkas
  5 bats
  6 frilled lizards
  14 kobolds
  8 rats
190 creatures vanquished.

Vanquished Creatures (collateral kills)
  2 foxfires (Sewer)
2 creatures vanquished.

Vanquished Creatures (others)
  603 foxfires
  30 plants (Sewer)
633 creatures vanquished.

Grand Total: 825 creatures vanquished

Notes
Turn   | Place    | Note
-------+----------+-------------------------------------------
     0 | D:1      | funkygono the Demonspawn Fire Elementalist began the quest
                  | for the Orb.
     0 | D:1      | Reached XP level 1. HP: 13/13 MP: 3/3
   265 | D:1      | Found Gonom's General Store.
   286 | D:1      | Gained mutation: Your demonic aura sometimes causes spilled
                  | blood to erupt in flames. [demonic ancestry]
   286 | D:1      | Reached XP level 2. HP: 19/19 MP: 1/5
   423 | D:1      | Learned a level 2 spell: Scorch
  1441 | D:2      | Reached XP level 3. HP: 22/24 MP: 2/6
  1500 | D:2      | Noticed a black bear
  1559 | D:2      | Killed a black bear
  1560 | D:2      | Gained mutation: You have a somewhat thin skeletal
                  | structure. (Dex +2, Stealth+) [demonic ancestry]
  1560 | D:2      | Reached XP level 4. HP: 14/30 MP: 0/8
  1560 | D:2      | Gained mutation: You have a pair of small antennae on your
                  | head. [demonic ancestry]
  1560 | D:2      | Reached XP level 5. HP: 17/35 MP: 0/9
  3101 | D:2      | Learned a level 3 spell: Kindle Blastsparks
  3106 | D:2      | Learned a level 4 spell: Flame Wave
  3296 | D:3      | Noticed a water moccasin
  3559 | D:3      | Found an ornate altar of the Wu Jian Council.
  3589 | D:3      | Reached skill level 1 in Fighting
  3589 | D:3      | Reached XP level 6. HP: 43/43 MP: 2/11
  3702 | D:3      | Noticed Sigmund
  3708 | D:3      | Killed Sigmund
  3709 | D:3      | Reached skill level 1 in Maces & Flails
  4269 | D:4      | Learned a level 2 spell: Blink
  4627 | D:4      | Reached XP level 7. HP: 48/48 MP: 5/13
  4644 | D:4      | Reached skill level 5 in Fire Magic
  5257 | D:4      | Found Uthriohu's Antique Weapon Boutique.
  5335 | D:5      | Entered Level 5 of the Dungeon
  5570 | D:5      | Found a glowing drain.
  5582 | Sewer    | Entered a sewer
  5638 | Sewer    | Reached skill level 5 in Spellcasting
  6922 | D:5      | Found a radiant altar of Vehumet.
  6948 | D:5      | Became a worshipper of Vehumet
  6991 | D:5      | Gained mutation: You have a pair of antennae on your head.
                  | [demonic ancestry]
  6991 | D:5      | Reached XP level 8. HP: 54/54 MP: 3/16
  7755 | D:6      | Found a staircase to the Ecumenical Temple.
  8080 | D:6      | Reached * piety under Vehumet
  8080 | D:6      | Offered knowledge of Sandblast by Vehumet.
  8094 | D:6      | Learned a level 1 spell: Sandblast
  8188 | D:6      | Noticed Duvessa
  8188 | D:6      | Noticed Dowan
  8193 | D:6      | Killed Dowan
  8194 | D:6      | Killed Duvessa
  8349 | D:6      | Found Kekleme's Antique Armour Shoppe.
  8623 | D:6      | Reached XP level 9. HP: 60/60 MP: 14/20
  9221 | D:7      | Reached skill level 5 in Conjurations
  9331 | D:7      | Noticed Joseph
  9342 | D:7      | Killed Joseph
  9449 | D:7      | Found a runed translucent door.
  9450 | D:7      | Noticed Crazy Yiuf
  9616 | D:7      | Found a shadowy altar of Dithmenos.
  9761 | D:7      | Killed Crazy Yiuf
  9850 | D:8      | Noticed a two-headed ogre
  9857 | D:8      | Noticed a meliai
  9859 | D:8      | Killed a two-headed ogre
  9860 | D:8      | Reached XP level 10. HP: 54/67 MP: 2/22
  9869 | D:8      | HP: 2/67 [meliai/+0 hand axe (8)]
 10090 | D:8      | Noticed a cyclops
 10101 | D:8      | Killed a cyclops
 10101 | D:8      | Reached ** piety under Vehumet
 10105 | D:8      | Noticed a cyclops
 10291 | D:8      | Killed a cyclops
 10436 | D:8      | Noticed a manticore
 10443 | D:8      | Offered knowledge of Searing Ray by Vehumet.
 10448 | D:8      | Killed a manticore
 10449 | D:8      | Noticed a centaur warrior
 10461 | D:8      | HP: 3/68 [centaur warrior/arrow (17)]
 10462 | D:8      | Shot with an arrow by a centaur warrior

Illustrated notes

Levels and vault maps discovered:
D:1:      lightli_arrival_noodles, layout_basic, serial_shops,
          nicolae_shop_statue_plus, minmay_misc_feat_roman,
          chequers_serial_rivers_large_b, minmay_pentomino_z4
D:2:      layout_basic
D:3:      layout_loops_corners, mainiacjoe_overflow_paths,
          lightli_corner_chamber, uniq_sigmund
D:4:      layout_basic, serial_shops, nicolae_shop_advertising_works
          [nicolae_subvault_shop_adworks], serial_rivers,
          chequers_serial_rivers_micro_a, chequers_serial_rivers_room_a,
          chequers_serial_rivers_micro_c, chequers_serial_rivers_large_a,
          chequers_serial_rivers_micro_c
D:5:      layout_gridville, mainiacjoe_overflow_brackets, portal_sewer_entry_f
D:6:      layout_loops_ring, minmay_temple_entry_proselytizer, serial_shops,
          nicolae_square_shop, nicolae_titane, uniq_duvessa
D:7:      layout_cave_pools, kennysheep_mini_moat, uniq_joseph,
          uniq_crazy_yiuf_cottage
D:8:      minmay_cut_squares, layout_basic, serial_shops, nicolae_shop_stone,
          enter_ossuary_2

Skill      XL: |  1  2  3  4  5  6  7  8  9 10 |
---------------+-------------------------------+-----
Fire Magic     | 3 4 5 6 8 9 |  9.0
Dodging        | 2 3 |  3.4
Spellcasting   | 3 4 5 7 8 9 |  9.6
Conjurations   | 2 3 4 5 6 |  6.1
Fighting       | 1 2 |  2.3
Maces & Flails | 1 |  1.5
Stealth        | |  1.7

Action                   |  1- 3 |  4- 6 |  7- 9 | 10-12 || total
-------------------------+-------+-------+-------+-------++-------
Melee: Flail             |     5 |    21 |    53 |       ||    79
       Punch             |       |       |     1 |       ||     1
       Whip              |       |       |    24 |     2 ||    26
 Cast: Foxfire           |    40 |    87 |   209 |     8 ||   344
       Scorch            |     5 |    16 |    47 |    10 ||    78
       Flame Wave        |       |       |     9 |     4 ||    13
  Use: Scroll            |     4 |     4 |     5 |       ||    13
       Potion            |       |       |     1 |     2 ||     3
Armor: Robe              |    19 |     3 |    28 |     3 ||    53
Dodge: Dodged            |    53 |    34 |    52 |    26 ||   165

Table legend: (Time is in decaauts)
 A = Elapsed time spent in this place.
 B = Non-inter-level travel time spent in this place.
 C = Inter-level travel time spent in this place.
 D = Time resting spent in this place.
 E = Time spent auto-exploring this place.
 F = Levels seen in this place.
 G = Mean time per level.
                   A        B        C        D        E       F      G
               +--------+--------+--------+--------+--------+-----+--------+
         Total |  10709 |  10525 |    184 |    395 |   8362 |   9 | 1189.9 |
       Dungeon |   9620 |   9436 |    184 |    395 |   7595 |   8 | 1202.5 |
         Sewer |   1088 |   1088 |      0 |      0 |    766 |   1 | 1088.0 |
               +--------+--------+--------+--------+--------+-----+--------+

Top non-repeatable levels by time:
     D:2: 1876 daAuts
     D:6: 1522 daAuts
     D:1: 1342 daAuts
     D:5: 1334 daAuts
     D:7: 1125 daAuts
   Sewer: 1088 daAuts
     D:4: 1083 daAuts
     D:3: 1080 daAuts
     D:8: 255 daAuts
